[Event "Titled Tuesday Blitz October 25 Late 2022"]
[White "Aggelis, Nikolaos"]
[Black "Sabar, Ethmane Daouda"]
[WhiteFideId "4213220"]
[BlackFideId "19600097"]
[WhiteElo "2187"]
[BlackElo "1950"]
[Result "0-1"]
[Round "01"]
[TimeControl "180+1"]
[Date "2022.10.26"]
[WhiteClock "0:00:01"]
[BlackClock "0:00:10"]

1. d4 d5 2. Nf3 e6 3. g3 Nf6 4. Bg2 c5 5. O-O Nc6 6. c4 cxd4 7. Nxd4 Bd7 8. cxd5 exd5 9. Nc3 Be6 10. Bf4 a6 11. Rc1 Bd6 12. Nxc6 bxc6 13. Qa4 Qd7 14. Bxd6 Qxd6 15. e4 O-O 16. Rfe1 dxe4 17. Nxe4 Nxe4 18. Bxe4 Rab8 19. b3 Bd5 20. Qxa6 Qb4 21. Bxd5 cxd5 22. Qd3 Ra8 23. Re2 Qa3 24. Rd1 Rfd8 25. Qd4 h6 26. h4 Qa7 27. Qxa7 Rxa7 28. Rd4 Rda8 29. a4 Rb8 30. Re3 Rab7 31. Rdd3 d4 32. Rf3 Rb4 33. Kf1 f6 34. Ke2 Kf7 35. Kd2 Ke6 36. Kc2 Kd5 37. Rf5+ Ke4 38. Rf4+ Ke5 39. h5 Rc8+ 40. Kb2 Rc6 41. Rg4 Rc7 42. Ka3 Rcb7 43. Rf4 f5 44. Rff3 Ke4 45. Kb2 Rxa4 46. Kc2 Ra2+ 47. Kb1 Re2 48. Kc1 Rc7+ 49. Kd1 Rcc2 50. b4 Rxf2 51. Rxf2 Rxf2 52. Rb3 d3 53. b5 Ke3 54. Kc1 Rf1+ 55. Kb2 Rf2+ 56. Kc3 Rc2+ 57. Kb4 Rc8 58. b6 Rb8 59. Kc3 Ke2 60. Rb2+ Ke3 61. Kc4 Rc8+ 0-1


[Site "https://www.chess.com"]

[Event "Titled Tuesday Blitz October 25 Late 2022"]
[White "Aghasiyev, Kamal"]
[Black "Weisz, Bryan"]
[WhiteFideId "13402854"]
[BlackFideId "30934133"]
[WhiteElo "2341"]
[BlackElo "2270"]
[Result "1-0"]
[Round "01"]
[TimeControl "180+1"]
[Date "2022.10.26"]
[WhiteClock "0:00:51"]
[BlackClock "0:00:09"]

1. d4 Nf6 2. c4 e6 3. Nc3 d5 4. cxd5 exd5 5. Bg5 Nbd7 6. e3 c6 7. Bd3 Bd6 8. Qc2 Nf8 9. Nf3 Bg4 10. Ne5 Bh5 11. O-O Ng6 12. g4 Bxe5 13. gxh5 Bxh2+ 14. Kg2 Qd7 15. Bf5 Qd6 16. Bxf6 Qxf6 17. Kxh2 Nh4 18. Bg4 Nf3+ 19. Bxf3 Qxf3 20. Qe2 Qf5 21. Rg1 O-O-O 22. Qg4 Qxg4 23. Rxg4 g6 24. Rag1 Rde8 25. Rf4 f5 26. Rg5 b5 27. a3 a5 28. Kg3 b4 29. axb4 axb4 30. Na2 b3 31. Nc1 Re4 32. Rxe4 fxe4 33. Nxb3 gxh5 34. Rxh5 Kc7 35. Nc5 h6 36. Rf5 Kd6 37. Rf6+ Ke7 38. Rxc6 Rf8 39. Rxh6 Rf3+ 40. Kg2 Rf8 41. Rh7+ Kf6 42. Nd7+ Kg6 43. Nxf8+ 1-0


[Site "https://www.chess.com"]

[Event "Titled Tuesday Blitz October 25 Late 2022"]
[White "Al Hosani, Omran"]
[Black "Szente Varga, Fruzsina"]
[WhiteFideId "9308733"]
[BlackFideId "712264"]
[WhiteElo "2167"]
[BlackElo "1994"]
[Result "1-0"]
[Round "01"]
[TimeControl "180+1"]
[Date "2022.10.26"]
[WhiteClock "0:01:11"]
[BlackClock "0:00:01"]

1. d4 Nf6 2. c4 g6 3. Nc3 Bg7 4. e4 d6 5. f4 O-O 6. Nf3 c5 7. d5 e6 8. Be2 exd5 9. cxd5 Re8 10. e5 dxe5 11. fxe5 Ng4 12. e6 fxe6 13. Bg5 Qa5 14. O-O e5 15. d6 Be6 16. Nd2 Nh6 17. Nde4 Nd7 18. Nd5 Bxd5 19. Qxd5+ Kh8 20. Be7 Qb6 21. Qe6 Nf8 22. Qh3 Nf5 23. Ng5 h6 24. Nf7+ Kg8 25. Bc4 Nxe7 26. Nxh6+ Kh7 27. Nf7+ Kg8 28. Ng5+ Nd5 29. Bxd5+ Ne6 30. Bxe6+ Rxe6 31. Qxe6+ Kh8 32. Nf7+ Kh7 33. Ng5+ Kh6 34. Ne4 c4+ 35. Kh1 Kh7 36. Rf7 Rd8 37. Nf6+ Kh8 38. Qh3+ 1-0


[Site "https://www.chess.com"]

[Event "Titled Tuesday Blitz October 25 Late 2022"]
[White "Aldokhin, Ivan"]
[Black "Shapiro, Daniel"]
[WhiteFideId "24115720"]
[BlackFideId "2001780"]
[WhiteElo "2313"]
[BlackElo "2240"]
[Result "1-0"]
[Round "01"]
[TimeControl "180+1"]
[Date "2022.10.26"]
[WhiteClock "0:00:16"]
[BlackClock "0:00:19"]

1. e4 e5 2. Nf3 Nc6 3. Bb5 a6 4. Ba4 Nf6 5. O-O b5 6. Bb3 Bd6 7. d4 Bb7 8. dxe5 Nxe5 9. Nxe5 Bxe5 10. f4 Bd6 11. Nc3 Nxe4 12. Re1 f5 13. Nxe4 Bxe4 14. Bd5 Rb8 15. Bxe4 fxe4 16. Rxe4+ Kf8 17. Bd2 b4 18. Qe2 Qf6 19. Re1 g6 20. Be3 c5 21. Qxa6 Kg7 22. Qa7 Rhd8 23. Bxc5 Ra8 24. Qb6 Rdb8 25. Qxd6 Qxd6 26. Bxd6 Rxa2 27. Rxb4 Rxb2 28. Rxb8 Rxc2 29. Re7+ Kf6 30. Rf8# 1-0


[Site "https://www.chess.com"]

[Event "Titled Tuesday Blitz October 25 Late 2022"]
[White "Andreikin, Dmitry"]
[Black "Novik, Maxim"]
[WhiteFideId "4158814"]
[BlackFideId "4102924"]
[WhiteElo "3034"]
[BlackElo "2518"]
[Result "1-0"]
[Round "01"]
[TimeControl "180+1"]
[Date "2022.10.26"]
[WhiteClock "0:02:15"]
[BlackClock "0:00:50"]

1. c4 g6 2. g3 Bg7 3. Bg2 c5 4. Nc3 Nc6 5. a3 a6 6. Rb1 Rb8 7. b4 cxb4 8. axb4 b5 9. c5 Bb7 10. Nf3 d6 11. cxd6 Qxd6 12. Ne4 Qc7 13. O-O Nf6 14. Nc5 Bc8 15. d4 Nd5 16. Qb3 e6 17. e4 Ndxb4 18. Bf4 Qb6 19. Bxb8 Qxb8 20. d5 Qb6 21. dxc6 Qxc5 22. Rfc1 Qe7 23. Qxb4 1-0


[Site "https://www.chess.com"]

[Event "Titled Tuesday Blitz October 25 Late 2022"]
[White "Annaberdiyev, Babageldi"]
[Black "Pein, Jonathan"]
[WhiteFideId "14000385"]
[BlackFideId "417092"]
[WhiteElo "2332"]
[BlackElo "2240"]
[Result "1-0"]
[Round "01"]
[TimeControl "180+1"]
[Date "2022.10.26"]
[WhiteClock "0:00:49"]
[BlackClock "0:00:05"]

1. e4 e5 2. Nf3 d6 3. Bc4 g6 4. d4 exd4 5. Nxd4 Bg7 6. O-O Nf6 7. Nc3 O-O 8. h3 Re8 9. Re1 Nc6 10. Nxc6 bxc6 11. Bg5 h6 12. Bh4 Be6 13. Qe2 Bxc4 14. Qxc4 Qb8 15. Qxc6 Qxb2 16. Rab1 Qxc2 17. Bxf6 Bxf6 18. Rbc1 Qd2 19. Nd5 Bd4 20. Rf1 Kg7 21. Nxc7 Rec8 22. Qd7 Qxa2 23. Qxd6 Rd8 24. Qg3 Rac8 25. h4 Qa5 26. Nd5 Rxc1 27. Rxc1 Qd2 28. Rf1 Re8 29. h5 g5 30. Qf3 Be5 31. g3 Re6 32. Kg2 Qd4 33. Rd1 Qb2 34. Ne3 Bf6 35. Nf5+ Kh7 36. Rd7 1-0


[Site "https://www.chess.com"]

[Event "Titled Tuesday Blitz October 25 Late 2022"]
[White "Arabidze, Meri"]
[Black "Fernandez Siles, Luis"]
[WhiteFideId "13604040"]
[BlackFideId "2209420"]
[WhiteElo "2403"]
[BlackElo "2186"]
[Result "1/2-1/2"]
[Round "01"]
[TimeControl "180+1"]
[Date "2022.10.26"]
[WhiteClock "0:00:03"]
[BlackClock "0:00:07"]

1. Nf3 Nf6 2. d4 g6 3. g3 Bg7 4. Bg2 O-O 5. O-O d6 6. a4 a5 7. Nc3 Nbd7 8. e4 e5 9. Re1 c6 10. h3 Qc7 11. Be3 Re8 12. Qd2 exd4 13. Bxd4 Ne5 14. Nxe5 dxe5 15. Bc5 Nd7 16. Bd6 Qb6 17. b3 Nf8 18. Rad1 Ne6 19. Ba3 Nd4 20. Ne2 Bxh3 21. Nxd4 Bxg2 22. Nxc6 Bf3 23. Ne7+ Rxe7 24. Bxe7 Bxd1 25. Rxd1 h5 26. Bd8 Qc6 27. Qd3 Rc8 28. c4 b6 29. Qd5 Bf8 30. Qxe5 Bc5 31. Bg5 Re8 32. Qxe8+ Qxe8 33. Rd8 Kf8 34. Rxe8+ Kxe8 35. Kf1 Kd7 36. Ke2 Ke6 37. Be3 f5 38. exf5+ Kxf5 39. Kf3 Bxe3 40. Kxe3 g5 41. Kf3 Ke5 42. Ke3 Kf5 43. Kf3 Ke5 44. Ke3 Kf5 1/2-1/2


[Site "https://www.chess.com"]

[Event "Titled Tuesday Blitz October 25 Late 2022"]
[White "Arbunic Castro, Giovanna"]
[Black "Nozdrachev, Leonid"]
[WhiteFideId "3400549"]
[BlackFideId "24113433"]
[WhiteElo "1885"]
[BlackElo "2249"]
[Result "0-1"]
[Round "01"]
[TimeControl "180+1"]
[Date "2022.10.26"]
[WhiteClock "0:01:22"]
[BlackClock "0:02:45"]

1. e4 c6 2. d4 d5 3. e5 c5 4. dxc5 e6 5. Be3 Nh6 6. Bxh6 gxh6 7. Nf3 Bxc5 8. Bb5+ Nc6 9. Nc3 Qb6 10. Qe2 Rg8 11. g3 Bd7 12. Bxc6 Bxc6 13. O-O-O Bxf2 14. Rhf1 Be3+ 15. Kb1 d4 16. Nxd4 Bxd4 17. Qd3 O-O-O 0-1


[Site "https://www.chess.com"]

[Event "Titled Tuesday Blitz October 25 Late 2022"]
[White "Baches Garcia, Guillermo"]
[Black "Boruchovsky, Avital"]
[WhiteFideId "2209764"]
[BlackFideId "2800055"]
[WhiteElo "2431"]
[BlackElo "2466"]
[Result "0-1"]
[Round "01"]
[TimeControl "180+1"]
[Date "2022.10.26"]
[WhiteClock "0:01:26"]
[BlackClock "0:01:46"]

1. e4 e5 2. Nf3 Nc6 3. Bc4 Nf6 4. Ng5 d5 5. exd5 Na5 6. Bb5+ c6 7. dxc6 bxc6 8. Qf3 Be7 9. Bd3 O-O 10. Nc3 h6 11. Nge4 Nxe4 12. Qxe4 f5 13. Qxe5 Bd6 14. Qd4 Re8+ 15. Kf1 c5 16. Qd5+ Be6 17. Qf3 Qe7 18. Nd5 Qf7 19. c4 Be5 20. Rb1 Rad8 21. b4 cxb4 22. Rxb4 Nc6 23. Rb1 Nd4 24. Qd1 Bxd5 25. cxd5 Qxd5 26. Bxf5 Nxf5 0-1


[Site "https://www.chess.com"]

[Event "Titled Tuesday Blitz October 25 Late 2022"]
[White "Baglan, Esat"]
[Black "Zhigalko, Sergei"]
[WhiteFideId "6309216"]
[BlackFideId "13502956"]
[WhiteElo "2231"]
[BlackElo "2662"]
[Result "1-0"]
[Round "01"]
[TimeControl "180+1"]
[Date "2022.10.26"]
[WhiteClock "0:00:37"]
[BlackClock "0:00:07"]

1. e4 c5 2. Nf3 Nc6 3. Bb5 Nf6 4. Nc3 Qc7 5. O-O Nd4 6. Bd3 Ng4 7. g3 Nxf3+ 8. Qxf3 Ne5 9. Qe3 e6 10. Be2 Be7 11. f4 Nc6 12. d3 Nd4 13. Bd1 O-O 14. Bd2 b5 15. Ne2 Bb7 16. c3 Nc6 17. d4 cxd4 18. cxd4 Qb6 19. Be1 f5 20. exf5 Nxd4 21. Nxd4 Bc5 22. Bc3 b4 23. Bf3 bxc3 24. bxc3 Bxf3 25. Rxf3 Rxf5 26. Rd1 Rd5 27. Rf2 Rb8 28. Rfd2 Re8 29. Kg2 Rc8 30. Qe4 Bxd4 31. Rxd4 Ra5 32. Rxd7 Rxa2+ 33. Kh3 Ra5 34. R1d6 Qb3 35. Rd8+ Rxd8 36. Rxd8+ Kf7 37. Qxh7 Ke7 38. Rg8 Qxc3 39. Rxg7+ Kd6 40. Rd7+ Kc5 41. Rc7+ Kb4 42. Rxc3 Kxc3 43. Qc7+ Kb4 44. Qd6+ Rc5 45. Qxe6 a5 46. Qb6+ Rb5 47. Qd4+ Kb3 48. f5 a4 49. f6 a3 50. f7 Rb4 51. Qxb4+ Kxb4 52. f8=Q+ 1-0


[Site "https://www.chess.com"]

[Event "Titled Tuesday Blitz October 25 Late 2022"]
[White "Ballester Llagaria, Luis Eduardo"]
[Black "Marin Masis, Jose Esteban"]
[WhiteFideId "2297620"]
[BlackFideId "6508146"]
[WhiteElo "2344"]
[BlackElo "1838"]
[Result "1-0"]
[Round "01"]
[TimeControl "180+1"]
[Date "2022.10.26"]
[WhiteClock "0:00:11"]
[BlackClock "0:00:12"]

1. e4 c5 2. Nc3 Nc6 3. Bb5 g6 4. Bxc6 bxc6 5. f4 Bg7 6. Nf3 d5 7. d3 h5 8. O-O Nf6 9. e5 Ng4 10. b3 d4 11. Ne4 Qd5 12. h3 Nh6 13. Nfd2 Nf5 14. Nc4 h4 15. Qe2 Ng3 16. Nxg3 hxg3 17. Bd2 Bf5 18. Be1 O-O-O 19. Bxg3 Rh7 20. Qf3 Qd7 21. Kf2 Rdh8 22. Rh1 Bg4 23. Qe4 Bf5 24. Qe2 Bg4 25. Qd2 Be6 26. Qa5 Bd5 27. Qxc5 g5 28. Qxd4 gxf4 29. Qxf4 Bh6 30. e6 Qb7 31. Qd4 fxe6 32. Rae1 Rf7+ 33. Ke2 Rhf8 34. Kd1 Qb4 35. c3 Qb7 36. Kc2 Qa6 37. Kb2 e5 38. Nxe5 Rf5 39. Nf3 Bxf3 40. gxf3 Rxf3 41. Qe5 Rf2+ 42. Bxf2 Rxf2+ 43. Re2 Rf7 44. Qe6+ 1-0


[Site "https://www.chess.com"]

[Event "Titled Tuesday Blitz October 25 Late 2022"]
[White "Banusz, Tamas"]
[Black "Chizhikov, Vladislav"]
[WhiteFideId "722413"]
[BlackFideId "4178157"]
[WhiteElo "2602"]
[BlackElo "2179"]
[Result "1-0"]
[Round "01"]
[TimeControl "180+1"]
[Date "2022.10.26"]
[WhiteClock "0:00:58"]
[BlackClock "0:00:02"]

1. c4 c5 2. Nc3 Nc6 3. g3 g6 4. Bg2 Bg7 5. Nf3 d6 6. O-O Bd7 7. e3 Qc8 8. d4 Bg4 9. d5 Ne5 10. Qa4+ Bd7 11. Qb3 Nxf3+ 12. Bxf3 Nf6 13. e4 O-O 14. Re1 Ng4 15. Qc2 Ne5 16. Be2 Bg4 17. Rd1 Bf3 18. Bxf3 Nxf3+ 19. Kg2 Nd4 20. Qd3 a6 21. Be3 Qg4 22. Bxd4 Bxd4 23. Ne2 Bg7 24. Rab1 b5 25. b3 b4 26. h3 Qd7 27. f4 a5 28. g4 f5 29. exf5 gxf5 30. g5 a4 31. Rd2 axb3 32. axb3 Ra3 33. Ng3 Bc3 34. Re2 Rf7 35. h4 Ra8 36. h5 Raf8 37. Re6 Qa7 38. Qc2 Ra8 39. Nxf5 Kh8 40. g6 Rg8 41. Kf3 Rfg7 42. Nxg7 Rxg7 43. h6 Rxg6 44. Rxg6 hxg6 45. Rg1 Bf6 46. Qxg6 Qa8 47. h7 Qf8 48. Qg8+ 1-0


[Site "https://www.chess.com"]

[Event "Titled Tuesday Blitz October 25 Late 2022"]
[White "Barash, Anton"]
[Black "Dilanyan, Grigor"]
[WhiteFideId "30935229"]
[BlackFideId "13303570"]
[WhiteElo "2271"]
[BlackElo "2264"]
[Result "1-0"]
[Round "01"]
[TimeControl "180+1"]
[Date "2022.10.26"]
[WhiteClock "0:00:10"]
[BlackClock "0:00:14"]

1. e4 e5 2. Nc3 Nc6 3. f4 Bc5 4. fxe5 Bxg1 5. Rxg1 Qh4+ 6. g3 Qxh2 7. Rg2 Qh1 8. d4 d6 9. Be3 Bh3 10. Rg1 Qh2 11. Qf3 Bxf1 12. Rxf1 O-O-O 13. O-O-O Qh3 14. exd6 Rxd6 15. Qxf7 Nge7 16. Bf4 Rxd4 17. Rxd4 Nxd4 18. Qxe7 Qxf1+ 19. Kd2 Qf2+ 20. Kd3 Kb8 21. Qxc7+ Ka8 22. Be3 Ne6 23. Qa5 Qf1+ 24. Kd2 Qa6 25. Qxa6 bxa6 26. Nd5 Rf8 27. Ke2 Kb7 28. b4 Rc8 29. Kd3 Rf8 30. Ke2 h5 31. c4 g5 32. Ne7 Rf6 33. c5 h4 34. c6+ Kc7 35. Nd5+ Kxc6 36. Nxf6 h3 37. Ng4 Ng7 38. Kf3 Nh5 39. Bxg5 a5 40. bxa5 Kd6 41. e5+ Ke6 42. Kf2 Kf5 43. Kf3 Kxg5 44. Nf2 h2 45. Kg2 Kf5 46. g4+ Kxe5 47. gxh5 Kf5 48. h6 Kg5 49. Kxh2 Kxh6 50. Kg3 Kg6 51. Kf3 Kf6 52. Ke3 Ke6 53. Kd3 Kd5 54. Kc3 Kc5 55. a4 Kc6 56. Kb4 Kb7 57. Kb5 Kc7 58. Ka6 Kb8 59. Nd3 Ka8 60. Nb4 Kb8 61. Nd5 Ka8 62. Ne7 Kb8 63. Nc6+ Kc7 64. Nxa7 Kd6 65. Nb5+ Kc5 66. Kb7 Kb4 67. a6 Kxa4 68. a7 Kxb5 69. a8=Q Kc5 70. Qa6 Kb4 71. Qc6 Ka5 72. Kc7 Kb4 73. Kd6 Ka5 74. Qb7 Ka4 75. Kc5 Ka3 76. Kc4 Ka2 77. Kc3 Ka1 78. Kc2 Ka2 79. Qb2# 1-0


[Site "https://www.chess.com"]

[Event "Titled Tuesday Blitz October 25 Late 2022"]
[White "Barbero Sendic, Alejandro"]
[Black "Papasimakopoulos, Alexandros"]
[WhiteFideId "3001288"]
[BlackFideId "4244125"]
[WhiteElo "2314"]
[BlackElo "2357"]
[Result "1-0"]
[Round "01"]
[TimeControl "180+1"]
[Date "2022.10.26"]
[WhiteClock "0:00:09"]
[BlackClock "0:00:22"]

1. d4 Nf6 2. Nc3 d5 3. Bf4 Bf5 4. e3 e6 5. Bd3 Bb4 6. Bxf5 Bxc3+ 7. bxc3 exf5 8. Rb1 b6 9. Qd3 g6 10. Nf3 O-O 11. Ne5 Ne4 12. c4 f6 13. Nf3 Nc6 14. O-O Ne7 15. Nd2 Nxd2 16. Qxd2 dxc4 17. Qb4 Nd5 18. Qxc4 Kg7 19. Bg3 h5 20. Rb5 Ne7 21. Bxc7 Qd7 22. d5 a6 23. Rxb6 Nxd5 24. Rd6 Qxc7 25. Qxd5 Rad8 26. Rxd8 Rxd8 27. Qb3 Rd2 28. c4 h4 29. h3 Qd6 30. a4 g5 31. Qb7+ Kg6 32. Qc8 Kg7 33. c5 Qd7 34. Qxa6 Rd1 35. Rxd1 Qxd1+ 36. Kh2 Qc2 37. Qb7+ Kg6 38. Qc8 Kg7 39. Qd7+ Kf8 40. Qd8+ Kf7 41. Qd7+ Kf8 42. Qd6+ Kg7 43. Qd5 Qxf2 44. c6 g4 45. hxg4 fxg4 46. Qd7+ Kf8 47. Qxg4 Qxe3 48. Qc8+ Kg7 49. Qd7+ Kh6 50. Qg4 Qe5+ 51. Kh3 Qc3+ 52. Kxh4 Qxc6 53. Qf4+ Kg7 54. Kh3 Qc8+ 55. Qg4+ Qxg4+ 56. Kxg4 Kf7 57. a5 Ke6 58. a6 f5+ 59. Kf4 Kd6 60. a7 1-0


[Site "https://www.chess.com"]

[Event "Titled Tuesday Blitz October 25 Late 2022"]
[White "Barria Zuniga, Daniel"]
[Black "Curtis, John"]
[WhiteFideId "3400816"]
[BlackFideId "3200256"]
[WhiteElo "2414"]
[BlackElo "2203"]
[Result "1/2-1/2"]
[Round "01"]
[TimeControl "180+1"]
[Date "2022.10.26"]
[WhiteClock "0:00:15"]
[BlackClock "0:00:21"]

1. d4 Nf6 2. c4 c5 3. d5 b5 4. Qc2 e6 5. e4 exd5 6. cxd5 b4 7. Nd2 d6 8. Nc4 Ba6 9. Bf4 Be7 10. e5 dxe5 11. Bxe5 Bxc4 12. Bxc4 O-O 13. O-O-O Bd6 14. f4 Qc7 15. Nf3 Ng4 16. Rhe1 Nd7 17. Qf5 Ngf6 18. g4 a6 19. g5 g6 20. Qh3 Nh5 21. Qg4 Rfe8 22. Bxd6 Qxd6 23. Ne5 Nxe5 24. fxe5 Rxe5 25. Rxe5 Qxe5 26. d6 Rd8 27. d7 Qf4+ 28. Qxf4 Nxf4 29. Bxa6 Ne6 30. h4 Kf8 31. Bb5 Ke7 32. a4 bxa3 33. bxa3 Nd4 34. Ba4 Ra8 35. Re1+ Ne6 36. Re4 Kd6 37. Kb2 Rb8+ 38. Kc3 Ra8 39. Kb2 Rb8+ 40. Ka2 Ra8 41. Bb5 Rb8 42. a4 Kc7 43. Kb2 Nd4 44. Re8 Rd8 45. Rxd8 Kxd8 46. Kc3 Nxb5+ 47. axb5 Kxd7 48. Kc4 Kd6 49. b6 Kc6 50. b7 Kxb7 51. Kxc5 Kc7 52. Kd5 Kd7 53. Ke4 Ke7 54. Ke5 f6+ 55. gxf6+ Kf7 56. Kf4 Kxf6 57. Kg4 h6 58. Kf4 g5+ 59. hxg5+ hxg5+ 60. Kg4 Kg6 61. Kg3 Kf5 62. Kf3 g4+ 63. Kg3 Kg5 64. Kg2 Kh4 65. Kh2 Kg5 66. Kg3 Kf5 67. Kg2 Ke4 68. Kg3 Kf5 69. Kg2 Kf6 70. Kg3 Kg5 71. Kg2 Kf4 72. Kf2 Ke4 73. Kg3 Kf5 1/2-1/2


[Site "https://www.chess.com"]

[Event "Titled Tuesday Blitz October 25 Late 2022"]
[White "Becerra, Juan David"]
[Black "Bruha, Nicholas"]
[WhiteFideId "4404998"]
[BlackFideId "30938988"]
[WhiteElo "2278"]
[BlackElo "2168"]
[Result "0-1"]
[Round "01"]
[TimeControl "180+1"]
[Date "2022.10.26"]
[WhiteClock "0:00:17"]
[BlackClock "0:00:34"]

1. d4 Nf6 2. Nc3 d6 3. Nf3 Nbd7 4. e4 e5 5. Be3 Be7 6. h3 O-O 7. a4 c6 8. Bc4 Nxe4 9. Bxf7+ Rxf7 10. Nxe4 d5 11. Neg5 Bxg5 12. Bxg5 Qe8 13. dxe5 Nxe5 14. O-O Nxf3+ 15. gxf3 Bxh3 16. Re1 Qd7 17. Qd4 h6 18. Bf4 Raf8 19. Be5 Rxf3 20. Re2 Qg4+ 21. Qxg4 Bxg4 22. Rae1 Re8 23. Re3 Rxe3 24. Rxe3 Bf5 25. c3 g5 26. f4 g4 27. Kg2 Kf7 28. Kg3 b6 29. a5 c5 30. Re1 b5 31. b4 cxb4 32. cxb4 Rc8 33. Rh1 Kg6 34. Rd1 Be6 35. Bd4 a6 36. Bc5 Rd8 37. Re1 Bf5 38. Bd4 h5 39. Re7 Be4 40. Kh4 Rf8 41. Re6+ Kf5 42. Rxa6 Kxf4 43. Bc5 Rf5 44. Rc6 g3 45. Bd6+ Kf3 46. Bxg3 d4 47. Rd6 Rd5 48. Rxd5 Bxd5 49. Be5 d3 50. Bc3 Ke2 51. Kxh5 Kd1 52. Kg5 Kc2 53. Be1 d2 54. Bxd2 Kxd2 55. Kf5 Kc3 56. Ke5 Bh1 57. Kd6 Kxb4 58. a6 Ka4 59. Kc7 b4 60. Kb6 b3 61. a7 b2 62. Kc7 b1=Q 63. a8=Q+ Bxa8 0-1


[Site "https://www.chess.com"]

[Event "Titled Tuesday Blitz October 25 Late 2022"]
[White "Belous, Vladimir"]
[Black "Winterberg, Lukas"]
[WhiteFideId "4174003"]
[BlackFideId "24622702"]
[WhiteElo "2534"]
[BlackElo "2349"]
[Result "1-0"]
[Round "01"]
[TimeControl "180+1"]
[Date "2022.10.26"]
[WhiteClock "0:01:33"]
[BlackClock "0:02:04"]

1. c4 e6 2. Nf3 d5 3. g3 Nf6 4. Bg2 Be7 5. O-O O-O 6. b3 d4 7. e3 c5 8. exd4 cxd4 9. Re1 Nc6 10. Bb2 Ng4 11. Na3 f6 12. d3 e5 13. Nc2 a5 14. a3 Bd7 15. Bc1 Rb8 16. h3 Nh6 17. Bxh6 gxh6 18. Qd2 Kg7 19. b4 b5 20. c5 Qc7 21. Nfxd4 Nxd4 22. Nxd4 Bxc5 23. bxc5 exd4 24. Re7+ Rf7 25. Rxf7+ Kxf7 26. Qxh6 Bf5 27. Bd5+ Ke7 28. Re1+ Kd8 29. Qf8+ 1-0


[Site "https://www.chess.com"]

[Event "Titled Tuesday Blitz October 25 Late 2022"]
[White "Bettalli, Francesco"]
[Black "Gareyev, Timur"]
[WhiteFideId "2816453"]
[BlackFideId "14200937"]
[WhiteElo "2216"]
[BlackElo "2552"]
[Result "0-1"]
[Round "01"]
[TimeControl "180+1"]
[Date "2022.10.26"]
[WhiteClock "0:00:13"]
[BlackClock "0:00:08"]

1. d4 Nf6 2. Nc3 d5 3. Bg5 c5 4. Bxf6 gxf6 5. e4 dxe4 6. dxc5 Qa5 7. Qd4 Nc6 8. Bb5 Qxb5 9. Nxb5 Nxd4 10. Nxd4 Bd7 11. O-O-O e6 12. Nb3 a5 13. Ne2 a4 14. Nd2 f5 15. Nc4 Bxc5 16. Nd4 f6 17. Rhf1 Ke7 18. f3 b5 19. Ne3 f4 20. Ng4 e5 21. Ne2 Be6 22. Nc3 exf3 23. gxf3 h5 24. Nf2 a3 25. b3 b4 26. Nce4 Be3+ 27. Kb1 Rad8 28. Nd3 Rd4 29. Nec5 Bh3 30. Rfe1 Bg2 31. Na6 Bxf3 32. Naxb4 e4 33. Nc6+ Kf7 34. Nxd4 Bxd1 35. Nf5 Bg4 36. Nd6+ Kg6 37. Nxe4 Re8 38. Nc3 Rd8 39. Ne2 f3 40. Ng3 Bd2 41. Rf1 Bc3 42. Rf2 Re8 43. Rf1 Re3 44. Nf2 Be6 45. Nge4 Bd5 46. Nxc3 Rxc3 47. Nd3 Be4 48. Kc1 Bxd3 49. Kd2 Bxf1 50. Kxc3 f2 51. Kd2 Bg2 52. Ke3 f1=Q 53. Kd4 Qf2+ 54. Kc4 Qd2 55. c3 Qc2 56. b4 Be4 57. Kb5 Bd3+ 58. c4 Qxa2 59. Kb6 Qxc4 60. b5 Qxb5+ 61. Kc7 a2 62. Kd6 a1=Q 63. h4 0-1


[Site "https://www.chess.com"]

[Event "Titled Tuesday Blitz October 25 Late 2022"]
[White "Bok, Benjamin"]
[Black "Gireman, Ja"]
[WhiteFideId "1017063"]
[BlackFideId "5043794"]
[WhiteElo "2658"]
[BlackElo "2153"]
[Result "1-0"]
[Round "01"]
[TimeControl "180+1"]
[Date "2022.10.26"]
[WhiteClock "0:00:02"]
[BlackClock "0:00:08"]

1. d4 Nf6 2. c4 g6 3. g3 d5 4. Bg2 Bg7 5. Nf3 O-O 6. O-O dxc4 7. Na3 c3 8. bxc3 c5 9. Bb2 Nc6 10. Re1 Qb6 11. Nc4 Qa6 12. Nfe5 Nxe5 13. Nxe5 Be6 14. e4 cxd4 15. cxd4 Rfd8 16. d5 Ng4 17. Nd3 Nxf2 18. Kxf2 Bxb2 19. Nxb2 Qb6+ 20. Kf1 Qxb2 21. Rb1 Qxa2 22. Re2 Qa6 23. Bf3 Rac8 24. Kf2 Rc3 25. Qd2 Rd3 26. Qb2 Bh3 27. Rc2 Rxf3+ 28. Kxf3 Qd3+ 29. Kf2 Qxe4 30. Kg1 Bf5 31. Rbc1 Qe3+ 32. Rf2 Rxd5 33. Ra1 e5 34. Qxb7 Rd2 35. Qxa7 Rd4 36. Qb8+ Kg7 37. Qb2 Bh3 38. Qe2 Qg5 39. Re1 f6 40. Qf3 h5 41. Qb7+ Kh6 42. Qe7 Qg4 43. Qxf6 h4 44. Qh8+ Kg5 45. Rxe5+ 1-0


[Site "https://www.chess.com"]

[Event "Titled Tuesday Blitz October 25 Late 2022"]
[White "Brown, Andrew"]
[Black "Wieczorek, Oskar"]
[WhiteFideId "3206513"]
[BlackFideId "1133950"]
[WhiteElo "2245"]
[BlackElo "2404"]
[Result "0-1"]
[Round "01"]
[TimeControl "180+1"]
[Date "2022.10.26"]
[WhiteClock "0:00:04"]
[BlackClock "0:00:05"]

1. d4 Nf6 2. c4 e6 3. Nc3 d5 4. Nf3 Be7 5. Bg5 O-O 6. e3 Ne4 7. Bxe7 Qxe7 8. Nxe4 dxe4 9. Nd2 f5 10. f4 c5 11. Nb3 cxd4 12. Qxd4 Nc6 13. Qc3 e5 14. fxe5 Qxe5 15. Qxe5 Nxe5 16. Nd4 Bd7 17. Be2 Kf7 18. Rf1 Ke7 19. Kd2 g5 20. g3 g4 21. Rf4 Ng6 22. Rf2 Rf6 23. Raf1 Raf8 24. Kc3 h5 25. h4 Ne5 26. Rd1 Nf3 27. Bf1 Bc8 28. Kb4 Rd8 29. c5 b6 30. Rc2 bxc5+ 31. Rxc5 Rfd6 32. Rdc1 Nxd4 33. Rxc8 Rb6+ 34. Ka3 Rxc8 35. Rxc8 Nf3 36. Rc7+ Kf6 37. Rxa7 Rd6 38. Ra6 Rxa6+ 39. Bxa6 Ne1 40. Kb3 Ng2 41. a4 Nxe3 42. Be2 Nd5 43. a5 f4 44. gxf4 g3 45. Bf1 e3 46. Kc4 e2 47. Bxe2 g2 48. Kxd5 g1=Q 49. b4 Qe1 50. Bc4 Qxb4 51. a6 Qb6 52. Bd3 Qd8+ 53. Ke4 Qe7+ 54. Kd4 Qd6+ 55. Ke4 Qb4+ 56. Kd5 Qa5+ 57. Kd4 Ke6 58. f5+ Kf6 59. Bc4 Qd2+ 60. Kc5 Qa5+ 61. Bb5 Kxf5 62. Kc6 Kg4 63. Be2+ Kxh4 64. Kb7 Qb4+ 65. Ka8 Qe4+ 66. Kb8 Qxe2 67. a7 Qa6 0-1


[Site "https://www.chess.com"]

[Event "Titled Tuesday Blitz October 25 Late 2022"]
[White "Buchenau, Frank"]
[Black "Yuan, Qingyu"]
[WhiteFideId "4604350"]
[BlackFideId "8609772"]
[WhiteElo "2157"]
[BlackElo "2359"]
[Result "0-1"]
[Round "01"]
[TimeControl "180+1"]
[Date "2022.10.26"]
[WhiteClock "0:00:02"]
[BlackClock "0:00:02"]

1. e4 c6 2. Nf3 d5 3. Nc3 dxe4 4. Nxe4 Nf6 5. Qe2 Nxe4 6. Qxe4 Nd7 7. Bc4 Nf6 8. Ne5 e6 9. Qe2 b5 10. Bb3 Qc7 11. d4 Bd6 12. O-O O-O 13. a4 a5 14. axb5 cxb5 15. c3 Bxe5 16. dxe5 Nd7 17. Re1 Bb7 18. Qxb5 Rfb8 19. Qc4 Bc6 20. Ba4 Nxe5 21. Rxe5 Qxe5 22. Bf4 Bd5 23. Bxe5 Bxc4 24. Bxb8 Rxb8 25. b3 Be2 26. Ra2 Ba6 27. Rd2 Kf8 28. f4 Bb5 29. Bxb5 Rxb5 30. Rb2 Ke7 31. Kf2 Kf6 32. Ke3 Kf5 33. Kf3 h5 34. g3 g5 35. fxg5 Kxg5 36. c4 Rb4 37. Ra2 Rxb3+ 38. Ke4 f5+ 39. Kd4 Kg4 40. Rxa5 Kh3 41. c5 Kxh2 42. c6 Rb8 0-1


[Site "https://www.chess.com"]